 Dungeon Crawl Stone Soup version 0.29.1-2-gbd0b4ee654 (webtiles) character file.

Game seed: 9115960315137270367

16 daveb22 the Grasshopper (level 2, 0/21 HPs)
             Began as a Human Wanderer on Oct 23, 2022.
             Frozen to death by an endoplasm (4 damage)
             ... on level 1 of the Dungeon.
             The game lasted 00:05:40 (658 turns).

daveb22 the Grasshopper (Human Wanderer)             Turns: 658, Time: 00:05:41

Health: 0/21       AC:  5    Str: 12    XL:     2   Next: 70%
Magic:  5/5        EV: 10    Int: 15    God:
Gold:   19         SH:  0    Dex:  9    Spells: 4/5 levels left

rFire   . . .      SeeInvis .   e - +0 hand axe
rCold   . . .      Faith    .   (no shield)
rNeg    . . .      Spirit   .   b - +0 ring mail
rPois   .          Reflect  .   (no helmet)
rElec   .          Harm     .   (no cloak)
rCorr   .          Rampage  .   (no gloves)
Will    .....                   (no boots)
Stlth   +.........              (no amulet)
HPRegen 0.07/turn               (no ring)
MPRegen 0.09/turn               (no ring)

@: no status effects
A: no striking features
a: no special abilities


You were on level 1 of the Dungeon.
You visited 1 branch of the dungeon, and saw 2 of its levels.

You collected 19 gold pieces.

Inventory:

Hand Weapons
 a - a +0 club
 e - a +0 hand axe (weapon)
 f - a +0 dagger
Missiles
 i - 4 poisoned darts
Armour
 b - a +0 ring mail (worn)
 g - a +0 scale mail
Scrolls
 d - a scroll of fog
 h - a scroll of vulnerability {unknown}
Potions
 c - a potion of attraction
 j - a potion of cancellation {unknown}


   Skills:
 + Level 1.0 Fighting
 + Level 0.5 Axes
 + Level 1.0 Armour
 + Level 1.0 Stealth
 + Level 2.0 Spellcasting
 + Level 3.4 Translocations
 + Level 2.3 Invocations


You had 4 spell levels left.
You knew the following spells:

 Your Spells              Type           Power      Damage    Failure   Level
a - Apportation           Tloc           24%        N/A       12%         1

Your spell library contained the following spells:

 Spells                   Type           Power      Damage    Failure   Level
 Teleport Other           Tloc           12%        N/A       34%         3
 Portal Projectile        Hex/Tloc       12%        N/A       58%         3


Dungeon Overview and Level Annotations

Branches:
Dungeon (2/15)

Altars:

Shops:
D:1 (


Message History

A rat comes into view.
The rat twitches its whiskers.
The endoplasm freezes you.
You are frozen.
The endoplasm attacks as you move away! The endoplasm hits you.
The endoplasm freezes you.
You are frozen.
The endoplasm attacks as you move away! The endoplasm closely misses you.
You completely miss the rat. The rat barely misses you.
You hit the rat.
You kill the rat!
You hit the endoplasm.
The endoplasm is almost dead.
The endoplasm closely misses you.
You slash the endoplasm!
You kill the endoplasm!
The endoplasm hits you.
You hit the endoplasm.
The endoplasm is heavily wounded.
The endoplasm freezes you.
You are frozen.
You hit the endoplasm but do no damage.
The endoplasm is heavily wounded.
The endoplasm freezes you.
You are frozen.
* * * LOW HITPOINT WARNING * * *
You barely miss the endoplasm.
The endoplasm is heavily wounded.
The endoplasm closely misses you.
You barely miss the endoplasm.
The endoplasm is heavily wounded.
The endoplasm hits you but does no damage.
The endoplasm freezes you.
You are frozen.
* * * LOW HITPOINT WARNING * * *
You hit the endoplasm.
The endoplasm is almost dead.
The endoplasm freezes you.
You are frozen.
You die...

... ... ...
... ... ###+##
... ....# ...
...# ### #..#
# #@.# ###.#
##J#######
....#
##........#
.....
#..........
##...
#......#.###.#
##..##...#
##.. ### #.###
...# ..# ...#
###


You could see an endoplasm.

Vanquished Creatures
  2 dart slugs (D:1)
  2 endoplasms (D:1)
  2 goblins (D:1)
  A hobgoblin (D:1)
  A quokka (D:1)
  2 ball pythons (D:1)
  A rat (D:1)
11 creatures vanquished.

Vanquished Creatures (others)
  5 toadstools (D:1)
5 creatures vanquished.

Grand Total: 16 creatures vanquished

Notes
Turn   | Place    | Note
-------+----------+-------------------------------------------
     0 | D:1      | daveb22 the Human Wanderer began the quest for the Orb.
     0 | D:1      | daveb22 set off with the following items: a +0 club, a +0
                  | ring mail, a potion of attraction, a scroll of fog; and the
                  | following spell memorised: Apportation; and the following
                  | spells available to memorise: Teleport Other, Portal
                  | Projectile.
     0 | D:1      | Reached XP level 1. HP: 15/15 MP: 3/3
   511 | D:1      | Reached XP level 2. HP: 21/21 MP: 5/5
   637 | D:1      | Found Romegeum's Weapon Emporium.
   637 | D:1      | You fall into a shaft and drop 1 floor!
   658 | D:1      | Frozen to death by an endoplasm

Illustrated notes

Levels and vault maps discovered:
D:1:      ldierk_walled_garden, layout_basic, serial_shops,
          nicolae_shop_bloodbath_and_beyond, minmay_misc_feat_iff,
          minmay_misc_feat_plants, minmay_statues_item, minmay_cupped
D:2:      layout_loops_ring, basic_altar, basic_ecumenical_altar,
          uniq_crazy_yiuf_cottage

Action                   || total
-------------------------++-------
Melee: Hand axe          ||    58
 Cast: Apportation       ||     1
Armor: Ring mail         ||    15
Dodge: Dodged            ||    35
